 Dungeon Crawl Stone Soup version 0.30-a0-368-g86fb4627a9 (webtiles) character file.

Game seed: 11958122677325435473

93 oldmanjim the Ogre Mage (level 4, 0/41 HPs)
             Began as an Ogre Transmuter on Nov 19, 2022.
             Killed from afar by an orc wizard (4 damage)
             ... with a magic dart
             ... on level 3 of the Dungeon.
             The game lasted 00:11:55 (2504 turns).

oldmanjim the Ogre Mage (Ogre Transmuter)           Turns: 2504, Time: 00:11:56

Health: 0/41       AC:  4    Str: 16    XL:     4   Next: 61%
Magic:  0/9        EV:  9    Int: 16    God:
Gold:   152        SH:  0    Dex:  9    Spells: 4/10 levels left

rFire   . . .      SeeInvis .      - Unarmed
rCold   . . .      Faith    .    (no shield)
rNeg    . . .      Spirit   +    a - +0 robe
rPois   .          Reflect  .    (helmet restricted)
rElec   .          Harm     .    d - +0 cloak
rCorr   .          Rampage  .    (gloves unavailable)
Will    .....                    (boots unavailable)
Stlth   ++........               l - amulet "Yces" {Spirit Str+2 Stlth+}
HPRegen 0.26/turn                (no ring)
MPRegen 0.11/turn                (no ring)

@: no status effects
A: large, unfitting armour, tough skin 1
a: no special abilities


You were on level 3 of the Dungeon.
You visited 1 branch of the dungeon, and saw 3 of its levels.

You collected 152 gold pieces.

Inventory:

Missiles
 c - 43 stones
Armour
 a - a +0 robe (worn)
 d - a +0 cloak (worn)
Jewellery
 l - the amulet "Yces" (around neck) {Spirit Str+2 Stlth+}
   (You found it on level 3 of the Dungeon)

   [amulet of guardian spirit]

   It causes incoming damage to be divided between your reserves of health and
   magic.
   Str:       It affects your strength (+2).
   Stlth:     It makes you more stealthy.
Scrolls
 f - a scroll of brand weapon {unknown}
 g - 2 scrolls of amnesia {unknown}
 h - a scroll of acquirement {unknown}
 i - a scroll of teleportation {unknown}
 j - a scroll of butterflies {unknown}
Potions
 b - a potion of lignification
 e - a potion of haste {unknown}
 k - a potion of attraction {unknown}


   Skills:
 - Level 1.3 Fighting
 - Level 1.7 Dodging
 - Level 2.6 Unarmed Combat
 + Level 3.8 Spellcasting
 + Level 3.0 Transmutations
 + Level 1.3 Poison Magic


You had 4 spell levels left.
You knew the following spells:

 Your Spells              Type           Power      Damage    Failure   Level
a - Beastly Appendage     Tmut           24%        N/A       4%          1
b - Wereblood             Tmut           12%        N/A       8%          2
c - Spider Form           Tmut/Pois      10%        N/A       22%         3

Your spell library contained the following spells:

 Spells                   Type           Power      Damage    Failure   Level
 Sublimation of Blood     Necr           3%         N/A       26%         2
 Ice Form                 Ice/Tmut       7%         N/A       67%         4
 Petrify                  Tmut/Erth      7%         N/A       67%         4
 Irradiate                Conj/Tmut      3%         3d12      95%         5


Dungeon Overview and Level Annotations

Branches:
Dungeon (3/15)

Altars:

Annotations:
D:3 Ijyb


Innate Abilities, Weirdness & Mutations

You are too large for most types of armour.
You have tough skin. (AC +1)


Message History

The puff of flame hits you!
You hit the orc wizard. Your kick misses the orc wizard.
The orc wizard is moderately wounded.
The orc wizard misses you.
The orc priest invokes the aid of Beogh against you.
Beogh smites you!
You hit the orc wizard but do no damage.
Your kick misses the orc wizard. You headbutt the orc wizard.
The orc wizard is moderately wounded.
Your horns disappear.
Your talons disappear.
The orc wizard gestures wildly while chanting.
The orc wizard flickers and vanishes!
Deactivating autopickup; reactivate with Ctrl-A.
Casting: Wereblood (safe; 8% risk of failure)
Confirm with . or Enter, or press ? or * to list all spells.
The spell is quite dangerous to miscast (22% risk of failure)!
Continue anyway? [Y]es or [N]o only, please.
The spell is quite dangerous to miscast (22% risk of failure)!
Continue anyway?
You miscast Spider Form.
You are very lightly contaminated with residual magic.
Nothing appears to happen.
Something hits you but does no damage.
Casting: Spider Form (quite dangerous; 22% risk of failure)
Confirm with . or Enter, or press ? or * to list all spells.
You don't have enough magic to cast this spell.
Unknown command.
You hear some strange, mumbled words.
A puff of flame appears from out of thin air!
The puff of flame misses you.
The orc priest looks braver for a moment.
A magic dart appears from out of thin air!
The magic dart hits you!
The orc priest mumbles some strange prayers to Beogh against you.
Beogh smites you!
* * * LOW HITPOINT WARNING * * *
Your magical contamination has completely faded away.
Ijyb shouts!
Found 4 gold pieces.
Found a stone staircase leading up.
A magic dart appears from out of thin air!
The magic dart hits you.
You die...

########
#####......###
##.{...@......#
#..#######....#
#.###$g.# .<#
#.##.....# #
#.#.......#
#.#.8o..8.#
#o#.......#
#o#.......#
#o#.og....#


You could see Ijyb and an orc.

Vanquished Creatures
  4 adders (D:2)
  2 worms (D:2)
  3 dart slugs (D:1)
  3 bats (D:2)
  4 endoplasms
  2 giant cockroaches
  3 goblins
  A hobgoblin (D:2)
  4 jackals (D:2)
  8 kobolds
  A quokka (D:2)
  A ball python (D:2)
  4 frilled lizards
  7 rats
47 creatures vanquished.

Vanquished Creatures (others)
  2 plants (D:2)
2 creatures vanquished.

Grand Total: 49 creatures vanquished

Notes
Turn   | Place    | Note
-------+----------+-------------------------------------------
     0 | D:1      | oldmanjim the Ogre Transmuter began the quest for the Orb.
     0 | D:1      | Reached XP level 1. HP: 19/19 MP: 3/3
   214 | D:1      | Reached XP level 2. HP: 27/27 MP: 3/5
   544 | D:1      | Learned a level 2 spell: Wereblood
   929 | D:1      | Reached XP level 3. HP: 27/33 MP: 5/7
  1010 | D:1      | Learned a level 3 spell: Spider Form
  1454 | D:2      | Found a faded altar of an unknown god.
  1618 | D:2      | Reached XP level 4. HP: 41/41 MP: 7/9
  1706 | D:2      | Reached skill level 1 in Poison Magic
  2432 | D:3      | Identified the amulet "Yces" {Spirit Str+2 Stlth+}
  2457 | D:3      | Noticed Ijyb
  2499 | D:3      | HP: 2/41 [orc priest/divine providence (12)]
  2504 | D:3      | Killed from afar by an orc wizard

Illustrated notes

Levels and vault maps discovered:
D:1:      minmay_arrival_shattered_statue, layout_basic, minmay_misc_feat_doors,
          st_stairs_6, serial_bayou_crossing
D:2:      layout_loops_corners, shapermc_ecumenical_altar_acropolis
D:3:      cheibrodos_pilgrimage, layout_rooms, nicolae_tso_swordbearing_angel,
          serial_shops, nicolae_lakefront_shop, uniq_ijyb, uniq_terence

Skill      XL: |  1  2  3  4 |
---------------+-------------+-----
Transmutations | 2 3 |  3.0
Spellcasting   | 3 |  3.8
Poison Magic   | 1 |  1.3
Fighting       | |  1.3
Dodging        | |  1.7
Unarmed Combat | |  2.6

Action                   |  1- 3 |  4- 6 || total
-------------------------+-------+-------++-------
Melee: Unarmed           |    99 |    69 ||   168
       Kick              |    21 |     9 ||    30
       Headbutt          |     9 |     8 ||    17
       Punch             |     2 |     3 ||     5
 Cast: Beastly Appendage |    24 |    12 ||    36
       Wereblood         |     1 |     2 ||     3
Armor: Robe              |    27 |    22 ||    49
Dodge: Dodged            |    37 |    27 ||    64

Table legend: (Time is in decaauts)
 A = Elapsed time spent in this place.
 B = Non-inter-level travel time spent in this place.
 C = Inter-level travel time spent in this place.
 D = Time resting spent in this place.
 E = Time spent auto-exploring this place.
 F = Levels seen in this place.
 G = Mean time per level.
                   A        B        C        D        E       F      G
               +--------+--------+--------+--------+--------+-----+--------+
         Total |   2510 |   2463 |     47 |    197 |   1774 |   3 |  836.7 |
       Dungeon |   2510 |   2463 |     47 |    197 |   1774 |   3 |  836.7 |
               +--------+--------+--------+--------+--------+-----+--------+

Top non-repeatable levels by time:
     D:2: 1368 daAuts
     D:1: 1034 daAuts
     D:3: 107 daAuts
